 Dungeon Crawl Stone Soup version 0.25.0-9-g26727b657a (webtiles) character file.

Game seed: 5789918387486287476

129 protoss039 the Gusty (level 4, 0/35 HPs)
             Began as a Draconian Air Elementalist on June 19, 2020.
             Succumbed to a scorpion's poison
             ... on level 3 of the Dungeon.
             The game lasted 00:05:33 (2839 turns).

protoss039 the Gusty (Draconian Air Elementalist)   Turns: 2839, Time: 00:05:33

Health: 0/35       AC:  6    Str: 10    XL:     4   Next: 88%
Magic:  4/9        EV: 12    Int: 17    God:
Gold:   96         SH:  0    Dex: 11    Spells: 8/9 levels left

rFire    . . .     SeeInvis .   p - +0 spear
rCold    . . .     Gourm    .   (no shield)
rNeg     . . .     Faith    .   (armour unavailable)
rPois    .         Spirit   .   (helmet restricted)
rElec    .         Reflect  .   (no cloak)
rCorr    .         Harm     .   c - +0 pair of gloves
MR       .....                  (no boots)
Stlth    ++........             (no amulet)
HPRegen  0.11/turn              (no ring)
MPRegen  0.11/turn              (no ring)

@: lethally poisoned (0 -> -12), stab
A: unfitting armour, cold-blooded, AC +5
a: no special abilities


You were on level 3 of the Dungeon.
You were not hungry.

You visited 1 branch of the dungeon, and saw 3 of its levels.

You collected 96 gold pieces.

Inventory:

Hand Weapons
 a - a +0 dagger
 p - a +0 spear (weapon)
Armour
 c - a +0 pair of gloves (worn)
Jewellery
 m - a +4 ring of evasion {unknown}
 s - an uncursed amulet of reflection {unknown}
 y - an uncursed amulet of magic regeneration
 z - an uncursed ring of flight
 B - an uncursed ring of poison resistance {unknown}
Scrolls
 e - a scroll of enchant weapon {unknown}
 f - 5 scrolls of remove curse {unknown}
 i - a scroll of magic mapping {unknown}
 j - a scroll of immolation {unknown}
 k - a scroll of enchant armour {unknown}
 r - 2 scrolls of teleportation {unknown}
 w - 2 scrolls of random uselessness {unknown}
 x - a scroll of blinking {unknown}
Potions
 d - a potion of stabbing
 g - a potion of heal wounds {unknown}
 h - a potion of flight {unknown}
 l - a potion of might {unknown}
 n - a potion of degeneration {unknown}
 o - a potion of cancellation {unknown}
 t - a potion of mutation {unknown}
 u - a potion of invisibility {unknown}
 v - a potion of brilliance {unknown}
 A - a potion of lignification {unknown}
Comestibles
 b - 5 rations
 q - a chunk of flesh


   Skills:
 + Level 1.3 Fighting
 - Level 0.8 Short Blades
 - Level 1.7 Dodging
 - Level 1.7 Stealth
 * Level 3.4 Spellcasting
 + Level 1.1 Conjurations
 + Level 4.1 Air Magic


You had 8 spell levels left.
You knew the following spells:

 Your Spells              Type           Power        Failure   Level  Hunger
a - Shock                 Conj/Air       ##..         5%          1    None

Your spell library contained the following spells:

 Spells                   Type           Power        Failure   Level  Hunger
 Swiftness                Chrm/Air       #.......     11%         2    ##.....
 Static Discharge         Conj/Air       ##......     17%         3    ###....
 Airstrike                Air            ###.......   30%         4    ####...
 Lightning Bolt           Conj/Air       ##........   83%         5    ######.


Dungeon Overview and Level Annotations

Branches:
Dungeon (3/15)

Altars:
Makhleb


Innate Abilities, Weirdness & Mutations

Your plain brown scales are hard. (AC +5)
You cannot fit into any form of body armour.
You are cold-blooded and may be slowed by cold attacks.


Message History

The scorpion is moderately wounded.
The zap hits the scorpion.
The scorpion is heavily wounded.
You feel sick. The scorpion stings you.
* * * LOW HITPOINT WARNING * * *
Casting: Shock (safe; 5% risk of failure)
Confirm with . or Enter, or press ? or * to list all spells.
Aiming: Shock (safe; 5% risk of failure)
Press: ? - help, Shift-Dir - straight line The zap hits the scorpion.
The scorpion is severely wounded.
The zap hits the scorpion.
The scorpion is almost dead.
* * * LOW HITPOINT WARNING * * *
You feel sick. The scorpion stings you!
* * * LOW HITPOINT WARNING * * *
Unknown command.
It was a potion of stabbing.
You feel ready to backstab.
You die...

.
##.....#######.....#
#..##.#######.....#
#. #.......#.....# .
#.......#.....# #
#......)#.....# .#
#........#.# ..#
#...####.#.# #.>#
#...## #.#s# ..#
#.#..###.@.# ###
#.##..##..## # #.
##.##..# #.###.#
#.###.## #####
#......# .....
##..##.## #####
##.....#
##############.###.#


You could see a scorpion.

Vanquished Creatures
  A hound (D:2)
  4 adders
  An ooze (D:1)
  2 worms
  4 dart slugs (D:2)
  2 orcs (D:3)
  7 bats
  4 giant cockroaches
  11 goblins
  3 kobolds
  A ball python (D:2)
  2 frilled lizards
  4 rats
46 creatures vanquished.

Notes
Turn   | Place    | Note
-------+----------+-------------------------------------------
     0 | D:1      | protoss039 the Draconian Air Elementalist began the quest
                  | for the Orb.
     0 | D:1      | Reached XP level 1. HP: 14/14 MP: 3/3
   208 | D:1      | Reached XP level 2. HP: 20/20 MP: 3/5
   842 | D:2      | Found a burning altar of Makhleb.
   856 | D:2      | Reached XP level 3. HP: 13/26 MP: 3/7
  1441 | D:2      | Reached XP level 4. HP: 33/33 MP: 8/8
  1837 | D:2      | Reached skill level 1 in Fighting
  1837 | D:2      | Reached skill level 4 in Air Magic
  2839 | D:3      | Succumbed to a scorpion's poison

Illustrated notes

Levels and vault maps discovered:
D:1:      minmay_arrival_five_plusses, layout_rooms, serial_forest,
          infiniplex_forest_clump_cross, infiniplex_forest_end_double,
          infiniplex_forest_end_2, infiniplex_forest_zigzag_1,
          infiniplex_forest_straight_4, infiniplex_forest_lined_ring,
          grunt_decor_resistance
D:2:      layout_loops_corners, makhleb_blood_cavern_becter
D:3:      layout_rooms, serial_glass, glass_columns_a, glass_columns_b,
          feat_on_display

Skill      XL: |  1  2  3  4 |
---------------+-------------+-----
Spellcasting   | 3 |  3.4
Fighting       | 1 |  1.3
Air Magic      | 4 |  4.1
Short Blades   | |  0.8
Dodging        | |  1.7
Stealth        | |  1.7
Conjurations   | |  1.1

Action                   |  1- 3 |  4- 6 || total
-------------------------+-------+-------++-------
Melee: Dagger            |    74 |       ||    74
       Tailslap          |    12 |     4 ||    16
       Spear             |     9 |    51 ||    60
 Cast: Shock             |     9 |    42 ||    51
  Use: Potion            |       |     1 ||     1
 Stab: Sleeping          |     8 |     3 ||    11
  Eat: Chunk             |     2 |     4 ||     6
Armor: Skin              |    32 |    17 ||    49
Dodge: Dodged            |    60 |    28 ||    88
